[ AOE2 MATCH · #489785847 ]
UnrankedKhmer vs Turks
Player's team · WIN
Rival team · LOSS
[ REPLAY ANALYSIS · EXTRACTED FROM THE RECORDED GAME ]
Feudal
8:51
Castle
11:39
Imperial
27:53
| APM avg | 38.7 |
| APM peak | 122 |
| eAPM avg | 25.1 |
| Villagers / military | 157 / 186 |
Focus
⚔️ 24.3% · 🌾 75.7%
Scout Cavalry ×116 · Ballista Elephant ×58 · Trebuchet (Packed) ×7 · Monk ×5
Feudal
8:25
Castle
14:27
Imperial
26:10
| APM avg | 24.3 |
| APM peak | 54 |
| eAPM avg | 17.3 |
| Villagers / military | 144 / 149 |
Focus
⚔️ 29.4% · 🌾 70.6%
Scout Cavalry ×98 · Bombard Cannon ×29 · Janissary ×17 · Monk ×5
Match map
Initial resources + every placement click. Lines = walls · curves = elevation contours. ◆ gold · ⬟ stone · ● berries · ✦ relic · ◌ wall gap
Your base· ✓ Closed at 11:39 · 0t walls · 7 gate(s)
LRNI_robotech's base· ✓ Closed at 14:27 · 0t walls · 7 gate(s)
Smoothed initial terrain · ◌ = detected wall gap · hover for details
Inputs per minute
— TyrantT - - LRNI_robotech
Build order — TyrantT
First 150 of 402 actions detected
| 0:00 | Create | Villager (Male) |
| 0:01 | Create | Villager (Male) |
| 0:01 | Create | Villager (Male) |
| 0:01 | Create | Villager (Male) |
| 0:06 | Build | Mill |
| 0:45 | Build | Lumber Camp |
| 0:59 | Create | Villager (Male) |
| 0:59 | Create | Villager (Male) |
| 1:12 | Create | Villager (Male) |
| 1:13 | Create | Villager (Male) |
| 1:18 | Create | Villager (Male) |
| 1:38 | Create | Villager (Male) |
| 1:57 | Create | Villager (Male) |
| 1:57 | Create | Villager (Male) |
| 2:32 | Create | Villager (Male) |
| 2:32 | Create | Villager (Male) |
| 3:14 | Create | Villager (Male) |
| 3:14 | Create | Villager (Male) |
| 3:35 | Create | Villager (Male) |
| 3:35 | Create | Villager (Male) |
| 3:53 | Create | Villager (Male) |
| 3:53 | Create | Villager (Male) |
| 3:53 | Create | Villager (Male) |
| 4:41 | Build | Farm |
| 4:44 | Build | Farm |
| 4:57 | Build | Mining Camp |
| 5:26 | Create | Villager (Male) |
| 5:27 | Create | Villager (Male) |
| 6:11 | Research | Feudal Age |
| 7:41 | Build | Lumber Camp |
| 8:04 | Build | Farm |
| 8:06 | Build | Farm |
| 8:09 | Build | Farm |
| 8:51 | Age | Feudal Age |
| 8:59 | Research | Castle Age |
| 9:13 | Build | Stable |
| 9:46 | Create | Villager (Male) |
| 9:53 | Create | Villager (Male) |
| 9:55 | Create | Villager (Male) |
| 10:21 | Build | Blacksmith |
| 10:26 | Build | Blacksmith |
| 10:36 | Research | Double-Bit Axe |
| 10:41 | Research | Horse Collar |
| 11:39 | Age | Castle Age |
| 11:43 | Build | Town Center |
| 11:53 | Create | Villager (Male) |
| 11:54 | Create | Villager (Male) |
| 12:24 | Build | Monastery |
| 12:56 | Create | Villager (Male) |
| 12:56 | Create | Villager (Male) |
| 13:07 | Create | Monk |
| 13:11 | Create | Villager (Male) |
| 13:11 | Create | Villager (Male) |
| 13:11 | Create | Villager (Male) |
| 13:14 | Create | Villager (Male) |
| 13:51 | Build | Town Center |
| 14:02 | Create | Monk |
| 14:11 | Create | Villager (Male) |
| 14:11 | Create | Villager (Male) |
| 14:19 | Create | Villager (Male) |
| 14:42 | Research | Scale Barding Armor |
| 15:08 | Create | Villager (Male) |
| 15:09 | Create | Villager (Male) |
| 15:32 | Create | Villager (Male) |
| 15:32 | Create | Villager (Male) |
| 15:42 | Create | Villager (Male) |
| 15:43 | Create | Villager (Male) |
| 15:45 | Create | Villager (Male) |
| 15:51 | Build | Farm |
| 15:56 | Build | Farm |
| 16:00 | Create | Ballista Elephant |
| 16:13 | Create | Villager (Male) |
| 16:14 | Create | Villager (Male) |
| 16:15 | Create | Villager (Male) |
| 16:23 | Build | Farm |
| 16:24 | Build | Farm |
| 16:24 | Build | Farm |
| 16:24 | Build | Farm |
| 16:24 | Build | Farm |
| 16:53 | Create | Ballista Elephant |
| 16:58 | Create | Villager (Male) |
| 16:59 | Create | Villager (Male) |
| 16:59 | Create | Villager (Male) |
| 16:59 | Create | Villager (Male) |
| 17:06 | Build | House |
| 17:07 | Build | House |
| 17:07 | Build | House |
| 17:32 | Create | Monk |
| 17:50 | Create | Ballista Elephant |
| 17:51 | Create | Villager (Male) |
| 17:51 | Create | Villager (Male) |
| 17:53 | Create | Villager (Male) |
| 18:00 | Build | Town Center |
| 18:24 | Create | Villager (Male) |
| 18:25 | Create | Villager (Male) |
| 18:25 | Create | Villager (Male) |
| 18:25 | Create | Villager (Male) |
| 18:25 | Create | Villager (Male) |
| 18:36 | Create | Villager (Male) |
| 18:36 | Create | Villager (Male) |
| 18:36 | Create | Villager (Male) |
| 18:48 | Research | Bow Saw |
| 18:49 | Create | Villager (Male) |
| 18:49 | Create | Villager (Male) |
| 19:52 | Create | Villager (Male) |
| 19:52 | Create | Villager (Male) |
| 19:52 | Create | Villager (Male) |
| 19:58 | Create | Villager (Male) |
| 19:59 | Create | Villager (Male) |
| 20:09 | Create | Ballista Elephant |
| 20:09 | Create | Ballista Elephant |
| 20:16 | Build | Farm |
| 20:17 | Build | Farm |
| 20:17 | Build | Farm |
| 20:17 | Build | Farm |
| 20:30 | Create | Villager (Male) |
| 20:30 | Create | Villager (Male) |
| 20:30 | Create | Villager (Male) |
| 20:33 | Build | House |
| 20:33 | Build | House |
| 20:34 | Build | House |
| 20:35 | Build | House |
| 20:36 | Build | House |
| 20:37 | Build | House |
| 20:39 | Create | Villager (Male) |
| 20:39 | Create | Villager (Male) |
| 20:40 | Research | Loom |
| 20:50 | Research | Wheelbarrow |
| 20:52 | Create | Villager (Male) |
| 20:52 | Create | Villager (Male) |
| 21:10 | Create | Villager (Male) |
| 21:10 | Create | Villager (Male) |
| 21:10 | Create | Villager (Male) |
| 21:28 | Create | Villager (Male) |
| 21:29 | Create | Villager (Male) |
| 21:29 | Create | Villager (Male) |
| 21:44 | Research | Heavy Plow |
| 21:51 | Build | Farm |
| 21:51 | Build | Farm |
| 21:51 | Build | Farm |
| 21:51 | Build | Farm |
| 21:52 | Build | Farm |
| 21:52 | Build | Farm |
| 21:52 | Build | Farm |
| 21:52 | Build | Farm |
| 21:56 | Build | Farm |
| 21:56 | Build | Farm |
| 21:57 | Build | Farm |
| 22:00 | Create | Ballista Elephant |
| 22:00 | Create | Ballista Elephant |
Build order — LRNI_robotech
First 150 of 364 actions detected
| 0:00 | Create | Villager (Male) |
| 0:01 | Create | Villager (Male) |
| 0:01 | Create | Villager (Male) |
| 0:08 | Build | Lumber Camp |
| 0:15 | Create | Villager (Male) |
| 0:31 | Build | Mill |
| 1:25 | Create | Villager (Male) |
| 1:25 | Create | Villager (Male) |
| 2:27 | Create | Villager (Male) |
| 2:27 | Create | Villager (Male) |
| 2:27 | Create | Villager (Male) |
| 3:01 | Create | Villager (Male) |
| 3:29 | Create | Villager (Male) |
| 3:45 | Create | Villager (Male) |
| 3:48 | Create | Villager (Male) |
| 3:51 | Build | Farm |
| 3:55 | Build | Farm |
| 3:59 | Build | Farm |
| 4:03 | Build | Farm |
| 4:12 | Create | Villager (Male) |
| 5:12 | Build | Mining Camp |
| 5:32 | Create | Villager (Male) |
| 5:44 | Research | Feudal Age |
| 7:14 | Create | Villager (Male) |
| 7:15 | Create | Villager (Male) |
| 8:07 | Build | Lumber Camp |
| 8:13 | Create | Villager (Male) |
| 8:25 | Age | Feudal Age |
| 8:26 | Research | Double-Bit Axe |
| 8:28 | Research | Horse Collar |
| 8:54 | Build | Farm |
| 9:13 | Create | Villager (Male) |
| 9:18 | Build | Blacksmith |
| 9:23 | Build | Farm |
| 9:32 | Create | Villager (Male) |
| 9:44 | Build | Farm |
| 10:14 | Research | Wheelbarrow |
| 10:16 | Build | Farm |
| 10:25 | Research | Gold Mining |
| 10:52 | Build | Stable |
| 11:47 | Research | Castle Age |
| 11:49 | Create | Scout Cavalry |
| 11:50 | Create | Scout Cavalry |
| 12:00 | Build | Farm |
| 12:04 | Build | Farm |
| 12:19 | Research | Forging |
| 12:24 | Build | Farm |
| 12:43 | Create | Scout Cavalry |
| 13:52 | Build | House |
| 14:22 | Create | Villager (Male) |
| 14:27 | Age | Castle Age |
| 14:31 | Build | Town Center |
| 14:33 | Create | Villager (Male) |
| 14:37 | Research | Bow Saw |
| 14:44 | Create | Villager (Male) |
| 15:20 | Create | Villager (Male) |
| 15:34 | Build | Monastery |
| 15:37 | Create | Villager (Male) |
| 16:12 | Create | Villager (Male) |
| 16:14 | Create | Monk |
| 16:21 | Create | Villager (Male) |
| 16:24 | Create | Villager (Male) |
| 16:24 | Create | Villager (Male) |
| 16:25 | Create | Villager (Male) |
| 16:27 | Build | Farm |
| 16:27 | Build | Farm |
| 16:28 | Build | Farm |
| 16:29 | Build | Farm |
| 16:32 | Build | Farm |
| 16:34 | Create | Villager (Male) |
| 16:35 | Create | Villager (Male) |
| 16:35 | Create | Villager (Male) |
| 16:48 | Build | Farm |
| 16:50 | Create | Villager (Male) |
| 16:50 | Create | Villager (Male) |
| 17:03 | Create | Villager (Male) |
| 17:08 | Create | Villager (Male) |
| 17:11 | Create | Monk |
| 17:16 | Create | Villager (Male) |
| 17:37 | Create | Scout Cavalry |
| 17:49 | Create | Villager (Male) |
| 17:50 | Create | Villager (Male) |
| 17:52 | Build | Stable |
| 17:56 | Create | Villager (Male) |
| 17:56 | Create | Villager (Male) |
| 18:02 | Build | Farm |
| 18:03 | Build | Farm |
| 18:03 | Build | Farm |
| 18:09 | Research | Scale Barding Armor |
| 18:16 | Create | Scout Cavalry |
| 18:16 | Create | Scout Cavalry |
| 18:16 | Create | Scout Cavalry |
| 18:21 | Create | Villager (Male) |
| 18:21 | Create | Villager (Male) |
| 18:38 | Create | Villager (Male) |
| 18:42 | Create | Monk |
| 19:00 | Build | House |
| 19:15 | Create | Villager (Male) |
| 19:16 | Create | Villager (Male) |
| 19:23 | Build | House |
| 19:23 | Build | House |
| 19:25 | Build | House |
| 19:27 | Create | Villager (Male) |
| 19:29 | Research | Hand Cart |
| 19:30 | Create | Villager (Male) |
| 19:34 | Build | Farm |
| 19:35 | Build | Farm |
| 19:36 | Build | Farm |
| 20:07 | Create | Scout Cavalry |
| 20:07 | Create | Scout Cavalry |
| 20:08 | Create | Villager (Male) |
| 20:11 | Build | Farm |
| 20:19 | Create | Villager (Male) |
| 20:20 | Create | Villager (Male) |
| 20:27 | Build | Farm |
| 20:28 | Build | Farm |
| 20:28 | Build | Farm |
| 20:29 | Build | Farm |
| 20:29 | Build | Farm |
| 20:30 | Build | Farm |
| 20:31 | Create | Villager (Male) |
| 20:36 | Build | House |
| 20:37 | Build | House |
| 20:45 | Create | Villager (Male) |
| 20:46 | Create | Villager (Male) |
| 21:14 | Build | Farm |
| 21:18 | Create | Villager (Male) |
| 21:18 | Create | Villager (Male) |
| 21:21 | Build | Farm |
| 21:22 | Build | Farm |
| 21:22 | Build | Farm |
| 21:23 | Create | Villager (Male) |
| 21:31 | Build | House |
| 21:33 | Build | House |
| 21:33 | Build | House |
| 21:35 | Build | House |
| 21:36 | Build | House |
| 21:38 | Create | Villager (Male) |
| 21:40 | Create | Villager (Male) |
| 21:41 | Create | Villager (Male) |
| 21:51 | Build | Palisade Wall |
| 21:57 | Create | Villager (Male) |
| 21:58 | Create | Villager (Male) |
| 22:12 | Create | Villager (Male) |
| 22:24 | Build | Town Center |
| 22:30 | Create | Villager (Male) |
| 22:30 | Create | Villager (Male) |
| 22:41 | Create | Villager (Male) |
| 23:00 | Research | Imperial Age |
| 23:04 | Build | House |
Match timeline
| 8:25 | LRNI_robotech · age_up feudal |
| 8:51 | TyrantT · age_up feudal |
| 9:13 | TyrantT · first_building Stable |
| 10:52 | LRNI_robotech · first_building Stable |
| 11:39 | TyrantT · age_up castle |
| 12:24 | TyrantT · first_building Monastery |
| 14:27 | LRNI_robotech · age_up castle |
| 15:34 | LRNI_robotech · first_building Monastery |
| 21:51 | LRNI_robotech · wall_segment Palisade Wall x11 |
| 25:14 | TyrantT · first_market_buy 100 wood |
| 25:52 | LRNI_robotech · first_building Siege Workshop |
| 25:56 | TyrantT · first_building Castle |
| 26:10 | LRNI_robotech · age_up imperial |
| 27:53 | TyrantT · age_up imperial |
| 31:03 | TyrantT · first_market_sell 100 wood |
| 34:45 | LRNI_robotech · wall_segment Stone Wall x13 |
| 35:48 | LRNI_robotech · wall_segment Palisade Wall x23 |
| 36:45 | LRNI_robotech · wall_segment Palisade Wall x1 |
| 36:46 | LRNI_robotech · wall_segment Palisade Wall x1 |
| 40:28 | LRNI_robotech · first_building Castle |
| 41:02 | LRNI_robotech · resign |
[ AI ANALYSIS · 1 CREDIT ]
What really happened in this match?
Wolo.gg analyzes every decision: build order, eco, micro, common mistakes by bracket. Personalized analysis on WhatsApp or Discord in 30 seconds.
Civ guide
Khmer
Perfil
Jugador #6158492